 Dungeon Crawl Stone Soup version 0.27-a0-1202-ge72e49191c (webtiles) character file.

Game seed: 2890612315620711037

1609 robertstho the Archer (level 8, 0/48 HPs)
             Began as a Tengu Hunter on June 3, 2021.
             Was a Believer of Okawaru.
             Slain by an orc warrior
             ... wielding a +0 scimitar
              (8 damage)
             ... on level 6 of the Dungeon.
             The game lasted 00:09:34 (5903 turns).

robertstho the Archer (Tengu Hunter)                Turns: 5903, Time: 00:09:34

Health: 0/48       AC: 11    Str: 14    XL:     8   Next: 95%
Magic:  3/3        EV:  8    Int: 15    God:    Okawaru [**....]
Gold:   207        SH:  0    Dex: 15    Spells: 7/7 levels left

rFire    . . .     SeeInvis .   B - +6 rapier of Sunlight {antimagic, rElec Int+3}
rCold    . . .     Faith    .   (no shield)
rNeg     . . .     Spirit   .   u - +0 chain mail
rPois    .         Reflect  .   y - +1 hat
rElec    +         Harm     .   (no cloak)
rCorr    .         Rampage  .   x - +0 pair of gloves
Will     .....                  (boots unavailable)
Stlth    ..........             (no amulet)
HPRegen  0.16/turn              (no ring)
MPRegen  0.08/turn              (no ring)

@: flying quickly and evasively, quick
A: beak, talons 3, nimble flight
a: Renounce Religion, Heroism


You were on level 6 of the Dungeon.
You worshipped Okawaru.
Okawaru was pleased with you.
You visited 1 branch of the dungeon, and saw 6 of its levels.

You collected 207 gold pieces.

Inventory:

Hand Weapons
 a - a +2 shortbow
 e - a +0 dagger of venom
 t - a +0 dagger of draining
 B - the +6 rapier of Sunlight (weapon) {antimagic, rElec Int+3}
   (You found it on level 4 of the Dungeon)

   It reduces the magical energy of the wielder, and disrupts the spells and
   magical abilities of those hit.
   Natural abilities and divine invocations are not affected.
   It affects your intelligence (+3).
   It insulates you from electricity.
Armour
 u - a +0 chain mail (worn)
 x - a +0 pair of gloves (worn)
 y - a +1 hat (worn)
Wands
 C - a wand of mindburst (11)
 D - a wand of polymorph (6)
 E - a wand of paralysis (9)
Scrolls
 f - a scroll of acquirement {unknown}
 g - a scroll of enchant armour {unknown}
 h - a scroll of amnesia {unknown}
 n - a scroll of fog {unknown}
 o - 2 scrolls of teleportation {unknown}
 p - 7 scrolls of identify {unknown}
 q - a scroll of enchant weapon
 r - a scroll of summoning {unknown}
 v - a scroll of noise {unknown}
 w - a scroll of fear {unknown}
 A - a scroll of magic mapping {unknown}
Potions
 b - a potion of degeneration {unknown}
 c - a potion of magic {unknown}
 i - a potion of lignification {unknown}
 j - a potion of flight
 k - a potion of ambrosia {unknown}
 m - a potion of experience {unknown}
 s - a potion of curing
 z - 2 potions of haste {unknown}
 F - a potion of mutation {unknown}


   Skills:
 * Level 4.9 Fighting
 + Level 0.4 Short Blades
 * Level 10.4 Bows
 * Level 3.2 Armour
 + Level 2.2 Dodging
 + Level 1.0 Stealth
 * Level 2.8 Invocations


You had 7 spell levels left.
You didn't know any spells.
Your spell library was empty.

Dungeon Overview and Level Annotations

Branches:
Dungeon (6/15)             Temple (0/1) D:6

Altars:
Cheibriados
Elyvilon
Hepliaklqana
Kikubaaqudgha
Okawaru
Vehumet
Wu Jian
The Shining One


Innate Abilities, Weirdness & Mutations

You have a beak for a mouth.
You have claws for feet.
Your magical nature lets you fly swiftly and evasively.


Message History

Items here: )) [ †.
You barely miss the orc warrior.
You peck the orc warrior, but do no damage.
The orc warrior hits you with a +0 scimitar!
You puncture the orc warrior! You peck the orc warrior.
The orc warrior is heavily wounded.
The orc warrior hits you but does no damage.
You closely miss the orc warrior. Your kick misses the orc warrior.
Your peck misses the orc warrior.
The orc warrior is heavily wounded.
The orc warrior hits you but does no damage.
You closely miss the orc priest. You claw the orc priest.
The orc priest is lightly wounded.
The orc priest hits you with a +0 war axe.
You puncture the orc priest! Your kick misses the orc priest.
The orc priest is almost dead.
You puncture the orc priest!
You kill the orc priest!
Okawaru accepts your kill.
You puncture the orc warrior!
The orc warrior is almost dead.
The orc warrior completely misses you.
The orc hits you with a +2 short sword of speed.
The orc hits you but does no damage.
The orc warrior hits you with a +0 scimitar!
You barely miss the orc. Your kick misses the orc.
The orc hits you with a +2 short sword of speed.
* * * LOW HITPOINT WARNING * * *
The orc warrior hits you with a +0 scimitar!
* * * LOW HITPOINT WARNING * * *
The orc barely misses you.
You feel better. The orc hits you but does no damage.
The orc warrior hits you with a +0 scimitar.
* * * LOW HITPOINT WARNING * * *
As you read the scroll labelled BAQIFRIPNU, it crumbles to dust.
It is a scroll of enchant weapon.
Your +1 shortbow glows red for a moment.
The orc completely misses you.
The orc warrior hits you with a +0 scimitar!
You die...

#..# # #.## #
##.# #..# #.##
##.# ## #..# ...
##.## .... #o@# .
..o.o #o### ...
#....(#...##.....
#....(...((....(
###.....)(......
##.#####(..##. ##
####


You could see an orc warrior and an orc.

Vanquished Creatures
  A centaur zombie (D:5)
  A black bear (D:6)
  An ice beast (D:5)
  A necrophage (D:6)
  A centaur (D:4)
  A phantom (D:5)
  2 scorpions
  A howler monkey (D:4)
  A vampire bat (D:4)
  4 orc priests
  A centaur skeleton (D:5)
  5 iguanas
  4 orc wizards
  A scorpion zombie (D:5)
  A killer bee zombie (D:6)
  9 adders
  3 gnolls (D:6)
  A white imp (D:6)
  An ufetubus (D:3)
  4 dart slugs
  16 orcs
  11 bats
  7 endoplasms
  4 giant cockroaches
  7 goblins
  6 hobgoblins
  4 jackals (D:2)
  10 kobolds
  5 quokkas
  13 ball pythons
  7 frilled lizards
  A quokka skeleton (D:4)
  5 rats
140 creatures vanquished.

Vanquished Creatures (others)
  A kobold (D:4)
  A quokka (D:4)
  2 plants (D:4)
4 creatures vanquished.

Grand Total: 144 creatures vanquished

Notes
Turn   | Place    | Note
-------+----------+-------------------------------------------
     0 | D:1      | robertstho the Tengu Hunter began the quest for the Orb.
     0 | D:1      | Reached XP level 1. HP: 12/12 MP: 2/2
   127 | D:1      | Reached XP level 2. HP: 17/17 MP: 3/3
   223 | D:1      | Reached skill level 5 in Bows
   314 | D:1      | Reached XP level 3. HP: 21/21 MP: 4/4
   861 | D:2      | Reached XP level 4. HP: 26/26 MP: 5/5
  1040 | D:2      | Found an ancient bone altar of Kikubaaqudgha.
  1186 | D:2      | Reached skill level 6 in Bows
  1531 | D:3      | Found a faded altar of an unknown god.
  1538 | D:3      | Reached skill level 1 in Armour
  1855 | D:3      | Gained mutation: Your magical nature lets you fly swiftly
                  | and evasively. [Tengu growth]
  1855 | D:3      | Reached XP level 5. HP: 31/31 MP: 6/6
  2035 | D:3      | Found a snail-covered altar of Cheibriados.
  2042 | D:3      | Found a radiant altar of Vehumet.
  2047 | D:3      | Found a glowing golden altar of the Shining One.
  2048 | D:3      | Found an ornate altar of the Wu Jian Council.
  2327 | D:4      | Reached skill level 7 in Bows
  2327 | D:4      | Reached XP level 6. HP: 18/37 MP: 7/7
  2605 | D:4      | Found a white marble altar of Elyvilon.
  2657 | D:4      | Found a hazy altar of Hepliaklqana.
  2688 | D:4      | Found an iron altar of Okawaru.
  2723 | D:4      | Became a worshipper of Warmaster Okawaru
  2967 | D:4      | Identified the +6 rapier of Sunlight {antimagic, rElec
                  | Int+3}
  3038 | D:4      | Reached skill level 1 in Invocations
  3214 | D:4      | Reached XP level 7. HP: 41/41 MP: 8/8
  3308 | D:5      | Entered Level 5 of the Dungeon
  3395 | D:5      | Reached skill level 8 in Bows
  3497 | D:5      | Reached * piety under Okawaru
  3498 | D:5      | Reached skill level 9 in Bows
  3498 | D:5      | Reached XP level 8. HP: 38/48 MP: 8/10
  5026 | D:6      | Reached ** piety under Okawaru
  5077 | D:6      | Found a staircase to the Ecumenical Temple.
  5175 | D:6      | Reached skill level 10 in Bows
  5901 | D:6      | HP: 2/48 [orc warrior/+0 scimitar (12)]
  5903 | D:6      | Slain by an orc warrior

Illustrated notes

Levels and vault maps discovered:
D:1:      evilmike_arrival_crescent, layout_rooms, minmay_lizard_pond
D:2:      layout_loops_ring, basic_altar, serial_forest,
          infiniplex_forest_lined_1, infiniplex_forest_end_1,
          infiniplex_forest_corner_1, infiniplex_forest_clump_tiny,
          infiniplex_forest_end_3, infiniplex_forest_zigzag_1,
          infiniplex_forest_straight_4, infiniplex_forest_straight_4
D:3:      minmay_wonky_spiral, layout_loops_ring, minitemple,
          hellmonk_ecumenical_altar_heavens_door
D:4:      layout_rooms, nicolae_overflow_crystal_walls,
          nicolae_hepliaklqana_hazy_memory, elyvilon_altar_4, roderic_batcave,
          serial_bayou_crossing
D:5:      cheibrodos_helix_gallery, layout_basic
D:6:      layout_cave_pods, minmay_temple_entry_poolview

Skill      XL: |  1  2  3  4  5  6  7  8 |
---------------+-------------------------+-----
Bows           | 5 6 7 9 10 | 10.4
Armour         | 1 2 3 |  3.2
Fighting       | 3 4 |  4.9
Invocations    | 1 2 |  2.8
Short Blades   | |  0.4
Dodging        | |  2.2
Stealth        | |  1.0

Action                   |  1- 3 |  4- 6 |  7- 9 || total
-------------------------+-------+-------+-------++-------
Melee: Rapier            |       |     4 |    37 ||    41
       Dagger            |       |     4 |       ||     4
       Kick              |       |     3 |     7 ||    10
       Peck              |       |     1 |     6 ||     7
 Fire: Shortbow          |    96 |   188 |   193 ||   477
Invok: Heroism           |       |       |     1 ||     1
  Use: Potion            |       |     3 |     4 ||     7
       Scroll            |       |       |     1 ||     1
Armor: Leather armour    |     3 |     3 |       ||     6
       Chain mail        |       |    55 |   102 ||   157
Dodge: Dodged            |     9 |    44 |    44 ||    97

Table legend: (Time is in decaauts)
 A = Elapsed time spent in this place.
 B = Non-inter-level travel time spent in this place.
 C = Inter-level travel time spent in this place.
 D = Time resting spent in this place.
 E = Time spent auto-exploring this place.
 F = Levels seen in this place.
 G = Mean time per level.
                   A        B        C        D        E       F      G
               +--------+--------+--------+--------+--------+-----+--------+
         Total |   5669 |   5567 |    102 |      0 |   4696 |   6 |  944.8 |
       Dungeon |   5669 |   5567 |    102 |      0 |   4696 |   6 |  944.8 |
               +--------+--------+--------+--------+--------+-----+--------+

Top non-repeatable levels by time:
     D:5: 1591 daAuts
     D:4: 954 daAuts
     D:6: 849 daAuts
     D:2: 789 daAuts
     D:3: 762 daAuts
     D:1: 721 daAuts
